 Dungeon Crawl Stone Soup version 0.30.1-11-g7821555f0a (webtiles) character file.

Game seed: 13395778021063712230

12875 ChrisAssaf the Chopper (level 12, -2/72 HPs)
             Began as a Djinni Venom Mage on Dec 6, 2023.
             Was a High Priest of Hepliaklqana.
             Slain by a torpor snail (3 damage)
             ... on level 4 of the Lair of Beasts.
             The game lasted 00:38:40 (8998 turns).

ChrisAssaf the Chopper (Djinni Venom Mage)          Turns: 8998, Time: 00:38:41

Health: -2/72      AC:  8    Str: 14    XL:     12   Next: 25%
Gold:   204        EV: 15    Int: 18    God:    Hepliaklqana [*****.] SH:  9 Dex: 20

rFire   + + +        l - +10 war axe of the Eternal Void {flame, Str+3}
rCold   + . .        c - +3 buckler {AC+3}
rNeg    . . .        U - +1 robe {rC+}
rPois   ∞            o - +2 hat {Stlth+}
rElec   .            R - scarf {rC+ rF+}
rCorr   .            (no gloves)
SInv    +            (boots unavailable)
Will    +....        (no amulet)
Stlth   ++++         e - +6 ring of dexterity
HPRegen 0.32/turn    k - ring of see invisible
MPRegen 0.00/turn

%: infuse magic (-3 HP)
@: flying, slowed, very slow
A: reduced essence, sickness immunity, fire resistance 2, cold vulnerability 1,
float, innate caster, HP casting, extra vitality 1
a: Renounce Religion, Recall Ancestor, Ancestor Identity, Transference, Idealise


You were on level 4 of the Lair of Beasts.
You worshipped Hepliaklqana.
Hepliaklqana was extremely pleased with you.
You visited 2 branches of the dungeon, and saw 13 of its levels.

You collected 570 gold pieces.
You spent 366 gold pieces at shops.

Inventory:

Hand Weapons
 b - a +1 vampiric dagger
 h - the +5 spear "Qextauh" {vamp, Dex+2}
   (You found it on level 4 of the Dungeon)

   Dex:       It affects your dexterity (+2).
 l - the +10 war axe of the Eternal Void (weapon) {flame, Str+3}
   (You found it on level 5 of the Dungeon)

   Str:       It affects your strength (+3).
 v - a +0 war axe
 W - a +1 vampiric glaive
Missiles
 a - 2 atropa-tipped darts
 x - 3 datura-tipped darts (quivered)
 C - 3 boomerangs
 E - 3 silver boomerangs
 G - 2 throwing nets
Armour
 c - a +3 buckler of protection (worn)
 o - a +2 hat of stealth (worn)
 R - a scarf of resistance (worn)
 U - a +1 robe of cold resistance (worn)
Jewellery
 e - a +6 ring of dexterity (left hand)
 k - a ring of see invisible (right hand)
Wands
 f - a wand of flame (32)
 j - a wand of digging (11)
 H - a wand of charming (8)
 I - a wand of polymorph (10)
 M - a wand of iceblast (1)
 O - a wand of acid (3)
Scrolls
 g - 3 scrolls of vulnerability
 t - a scroll of fear
 w - 4 scrolls of magic mapping
 y - 3 scrolls of poison
 B - 7 scrolls of teleportation
 J - a scroll of silence
 N - a scroll of blinking
 Y - 2 scrolls of fog
Potions
 d - a potion of heal wounds
 i - 2 potions of might {unknown}
 m - a potion of berserk rage {unknown}
 n - 3 potions of resistance {unknown}
 q - 4 potions of curing {unknown}
 r - 3 potions of flight {unknown}
 s - a potion of attraction
 u - 2 potions of haste {unknown}
 A - a potion of brilliance {unknown}
 Q - 2 potions of lignification {unknown}
 V - 4 potions of magic {unknown}
 X - 2 potions of invisibility {unknown}
 Z - a potion of mutation {unknown}


   Skills:
 * Level 4.8 Fighting
 - Level 0.5 Short Blades
 * Level 6.9 Axes
 - Level 0.3(4.2) Polearms
 * Level 4.2 Throwing
 * Level 5.2 Armour
 * Level 6.0 Dodging
 * Level 5.2 Stealth
 * Level 5.0 Shields
 * Level 6.6 Spellcasting
 * Level 5.2 Invocations
 * Level 5.0 Evocations


You knew the following spells:

 Your Spells              Type           Power      Damage    Failure   Level
a - Sting                 Tmut/Pois      100%       1d8       1%          1
b - Poisonous Vapours     Pois/Air       58%        N/A       1%          2
c - Mephitic Cloud        Conj/Pois/Air  29%        N/A       2%          3
d - Olgreb's Toxic Radia  Pois           29%        N/A       10%         4
e - Shock                 Conj/Air       100%       1d9       1%          1
f - Momentum Strike       Conj/Tloc      58%        3d9       1%          2
g - Vampiric Draining     Necr           29%        2d8       2%          3
h - Tukima's Dance        Hex            29%        N/A       2%          3
i - Cause Fear            Hex            14%        N/A       10%         4
Your spell library was empty.

Dungeon Overview and Level Annotations

Branches:
Dungeon (10/15)            Temple (0/1) D:4            Lair (2/5) D:10
  Swamp: Lair:2-3    Shoals: Lair:2-3     Snake: Lair:2-3    Spider: Lair:2-3
    Orc: D:9-12

Altars:
Ashenzari
Cheibriados
Dithmenos
Elyvilon
Hepliaklqana
Nemelex Xobeh
Okawaru
Qazlal
Ru
Trog
Uskayaw
Xom
Yredelemnul
The Shining One


Innate Abilities, Weirdness & Mutations

Your life essence is reduced to manifest your ancestor. (-10% HP)
You are immune to sickness and miasma.
You are immune to poison.
Your flesh is very heat resistant. (rF++)
You are vulnerable to cold. (rC-)
You float through the air rather than walking.
You learn spells naturally, not from books.
Your magical power is your life essence.
You have superior vitality. (+4 MHP)


Message History

You hit the death yak. You burn the death yak.
You block the death yak's attack. x2
Ammiditana hits the death yak with a +0 dagger of draining!
Ammiditana drains the death yak.
You block the death yak's attack.
The death yak gores you but does no damage.
Ammiditana hits the death yak but does no damage.
Ammiditana drains the death yak.
You slash the death yak! You burn the death yak.
The death yak is severely wounded.
You hit the death yak. You burn the death yak.
The death yak closely misses you. The death yak barely misses you.
Ammiditana hits the death yak but does no damage.
Ammiditana hits the death yak with a +0 dagger of draining.
The death yak gores Ammiditana!
Casting: Olgreb's Toxic Radiance (dangerous; 10% risk of failure)
Confirm with . or Enter, or press ? or * to list all spells.
Okay, then.
Casting: Olgreb's Toxic Radiance (dangerous; 10% risk of failure)
Confirm with . or Enter, or press ? or * to list all spells.
Okay, then.
Casting: Olgreb's Toxic Radiance (dangerous; 10% risk of failure)
Confirm with . or Enter, or press ? or * to list all spells.
Aiming: Vampiric Draining (mildly dangerous; 2% risk of failure)
Press: ? - help, Shift-Dir - straight line, f - death yak
Aim: a death yak (almost dead, not watching you, very poisoned, lightly drained, ally target)
You draw life force from the death yak!
You feel life coursing into your body.
Ammiditana gestures at the death yak while chanting.
The death yak resists with almost no effort.
The death yak gores Ammiditana!!
The torpor snail bites you!
Casting: Vampiric Draining (mildly dangerous; 2% risk of failure)
Confirm with . or Enter, or press ? or * to list all spells.
Aiming: Vampiric Draining (mildly dangerous; 2% risk of failure)
Press: ? - help, Shift-Dir - straight line, f/p - death yak
Aim: a death yak (almost dead, not watching you, very poisoned, lightly drained, ally target)
You draw life force from the death yak!
You kill the death yak!
You feel life coursing into your body. The death yak gores you!! x2
* * * LOW HITPOINT WARNING * * *
The torpor snail bites you.
You die...

#....†.# ###.P......
#......###.....+....
#.............#.....
#......###.###.#....
##.......####
###.... #........#
#.... #.#.#..####
#..... ###.##..##.#
####.# #.!...@R..#
#.# ##....wY.>#
#........#
#........#
#..........#
##.........#
#........P#
P..........


You could see the friendly Ammiditana the hexer (slow), a death yak (poisoned,
ally target) and a torpor snail (poisoned).

Vanquished Creatures
  Fannar (D:10)
  A two-headed ogre (D:10)
  6 death yaks
  Maurice (D:8)
  A black mamba (Lair:1)
  Joseph (D:8)
  2 komodo dragons
  3 hornets
  A wyvern (D:9)
  3 yaks (D:10)
  A vampire (D:10)
  A wraith (D:9)
  A steam dragon (D:8)
  2 water moccasins
  4 orc warriors
  A sky beast (D:7)
  An ogre (D:7)
  4 wolves (Lair:1)
  A centaur (D:9)
  4 kobold brigands
  A phantom (D:4)
  2 bullfrogs (D:7)
  4 wights (D:8)
  10 killer bees (D:9)
  2 crimson imps (D:10)
  A gnoll bouda (D:7)
  An orc priest (D:7)
  A hound (D:5)
  3 sleepcaps
  Jessica (D:3)
  3 orc wizards
  4 gnolls (D:7)
  5 adders
  A white imp (D:5)
  2 ufetubi
  4 worms
  2 dart slugs
  20 orcs
  8 bats
  An endoplasm (D:3)
  A giant cockroach (D:3)
  3 goblins
  3 hobgoblins
  A quokka (D:1)
  5 ball pythons
  4 frilled lizards
  17 kobolds
  6 rats
156 creatures vanquished.

Vanquished Creatures (collateral kills)
  Gastronok (Lair:2)
  2 two-headed ogres
  A wyvern (D:9)
  A sky beast (D:7)
  2 orc warriors
  A black bear (D:7)
  An ogre (D:6)
  A centaur (D:6)
  2 bullfrogs (D:8)
  A killer bee (D:9)
  2 crimson imps (D:10)
  An orc priest (D:9)
  An orc wizard (D:8)
  2 gnolls
  2 adders
  A worm (D:4)
  An orc (D:3)
  2 bats
  An endoplasm (D:1)
  A goblin (D:3)
27 creatures vanquished.

Vanquished Creatures (others)
  3 hexers
  An ancestor (D:4)
4 creatures vanquished.

Grand Total: 187 creatures vanquished

Notes
Turn   | Place    | Note
-------+----------+-------------------------------------------
     0 | D:1      | ChrisAssaf the Djinni Venom Mage began the quest for the
                  | Orb.
     0 | D:1      | ChrisAssaf set off with the following spells memorised:
                  | Sting, Poisonous Vapours, Mephitic Cloud, Olgreb's Toxic
                  | Radiance.
     0 | D:1      | Reached XP level 1. HP: 15/15 MP: 0/0
     6 | D:1      | Found a hazy altar of Hepliaklqana.
    30 | D:1      | Became a worshipper of Hepliaklqana the Forgotten
   198 | D:1      | Reached XP level 2. HP: 20/21 MP: 0/0
   207 | D:1      | You are sucked into a shaft and drop 1 floor!
   804 | D:2      | Reached XP level 3. HP: 24/25 MP: 0/0
   804 | D:2      | Learned a level 1 spell: Shock
   840 | D:3      | Reached XP level 4. HP: 31/31 MP: 0/0
   894 | D:4      | Found an iron altar of Okawaru.
   895 | D:4      | Reached * piety under Hepliaklqana
   905 | D:4      | Identified the +5 spear "Qextauh" {vamp, Dex+2}
   905 | D:4      | Noticed a phantom
   923 | D:4      | Killed a phantom
   924 | D:4      | Reached skill level 1 in Invocations
   924 | D:4      | Reached XP level 5. HP: 28/32 MP: 0/0
   924 | D:4      | Learned a level 2 spell: Momentum Strike
   979 | D:4      | Found a staircase to the Ecumenical Temple.
  1030 | D:5      | Entered Level 5 of the Dungeon
  1054 | D:5      | Identified the +10 war axe of the Eternal Void {flame,
                  | Str+3}
  1158 | D:5      | Reached skill level 1 in Armour
  1419 | D:5      | Reached skill level 1 in Fighting
  1419 | D:5      | Reached skill level 1 in Shields
  1806 | D:4      | Reached XP level 6. HP: 37/37 MP: 0/0
  2321 | D:3      | Reached ** piety under Hepliaklqana
  2358 | D:3      | Remembered your ancestor Ammiditana as a hexer
  2594 | D:3      | Noticed Jessica
  2600 | D:3      | Killed Jessica
  2601 | D:3      | Reached skill level 1 in Axes
  2625 | D:3      | Found a bloodstained altar of Trog.
  2649 | D:3      | Reached skill level 1 in Evocations
  3413 | D:1      | Found a faded altar of an unknown god.
  3859 | D:6      | Found a glowing golden altar of the Shining One.
  3861 | D:6      | Noticed an angel
  3870 | D:6      | Found a basalt altar of Yredelemnul.
  3872 | D:6      | Noticed a profane servitor
  3983 | D:6      | Noticed an ogre
  3989 | D:6      | Killed an ogre
  3990 | D:6      | Reached XP level 7. HP: 42/42 MP: 0/0
  3990 | D:6      | Learned a level 3 spell: Vampiric Draining
  3991 | D:6      | Reached *** piety under Hepliaklqana
  4002 | D:6      | Found a stormy altar of Qazlal.
  4115 | D:7      | Reached skill level 1 in Throwing
  4120 | D:7      | Reached XP level 8. HP: 45/48 MP: 0/0
  4314 | D:8      | Noticed Maurice
  4326 | D:8      | Killed Maurice
  4422 | D:8      | Reached XP level 9. HP: 37/53 MP: 0/0
  4422 | D:8      | Learned a level 3 spell: Tukima's Dance
  4516 | D:9      | Noticed a hornet
  4525 | D:9      | Killed a hornet
  4569 | D:9      | Noticed a two-headed ogre
  4578 | D:9      | Killed a two-headed ogre
  4687 | D:9      | Reached XP level 10. HP: 42/60 MP: 0/0
  4805 | D:9      | Reached skill level 5 in Spellcasting
  4865 | D:10     | Entered Level 10 of the Dungeon
  4868 | D:10     | Noticed Fannar
  4883 | D:10     | Killed Fannar
  4884 | D:10     | Reached skill level 5 in Axes
  5120 | D:10     | Found a shimmering altar of Xom.
  5166 | D:10     | Noticed a two-headed ogre
  5176 | D:10     | Killed a two-headed ogre
  5177 | D:10     | Reached skill level 5 in Dodging
  5268 | D:10     | Reached **** piety under Hepliaklqana
  5462 | D:10     | Found a staircase to the Lair.
  5463 | D:10     | Noticed a komodo dragon
  5480 | D:10     | Killed a komodo dragon
  5557 | D:10     | Noticed a two-headed ogre
  5565 | D:10     | Killed a two-headed ogre
  5566 | D:10     | Reached XP level 11. HP: 38/65 MP: 0/0
  5566 | D:10     | Learned a level 4 spell: Cause Fear
  5767 | D:10     | Found a hide-covered altar of Uskayaw.
  5770 | D:10     | Found a broken altar of Ashenzari.
  5773 | D:10     | Found a sacrificial altar of Ru.
  5776 | D:10     | Found a shadowy altar of Dithmenos.
  6078 | D:9      | Found Qomyts's Magic Scroll Shoppe.
  6091 | D:9      | Bought 2 scrolls of poison for 96 gold pieces
  6091 | D:9      | Bought a scroll of identify for 24 gold pieces
  6091 | D:9      | Bought a scroll of identify for 24 gold pieces
  6091 | D:9      | Bought a scroll of magic mapping for 90 gold pieces
  6091 | D:9      | Bought a scroll of teleportation for 36 gold pieces
  6093 | D:9      | Bought a scroll of vulnerability for 48 gold pieces
  6093 | D:9      | Bought a scroll of fog for 48 gold pieces
  6242 | D:9      | Found a hazy altar of Hepliaklqana.
  6845 | D:8      | Noticed Joseph
  6857 | D:8      | Killed Joseph
  7155 | D:7      | Found a snail-covered altar of Cheibriados.
  7770 | D:7      | Reached ***** piety under Hepliaklqana
  8058 | D:6      | Found a white marble altar of Elyvilon.
  8065 | D:6      | Found a sparkling altar of Nemelex Xobeh.
  8585 | Lair:1   | Entered Level 1 of the Lair of Beasts
  8616 | Lair:1   | Noticed a death yak
  8616 | Lair:1   | Noticed a death yak
  8617 | Lair:1   | Noticed a death yak
  8617 | Lair:1   | Noticed a death yak
  8628 | Lair:1   | Noticed a death yak
  8632 | Lair:1   | Killed a death yak
  8640 | Lair:1   | Killed a death yak
  8640 | Lair:1   | Killed a death yak
  8641 | Lair:1   | Reached skill level 5 in Stealth
  8641 | Lair:1   | Killed a death yak
  8642 | Lair:1   | Reached skill level 5 in Invocations
  8647 | Lair:1   | Reached skill level 5 in Armour
  8647 | Lair:1   | Killed a death yak
  8648 | Lair:1   | Reached XP level 12. HP: 45/71 MP: 0/0
  8809 | Lair:2   | Noticed Gastronok
  8828 | Lair:2   | Killed Gastronok
  8952 | Lair:2   | You are sucked into a shaft and drop 2 floors!
  8980 | Lair:4   | Reached skill level 5 in Shields
  8980 | Lair:4   | Reached skill level 5 in Evocations
  8988 | Lair:4   | Noticed a death yak
  8989 | Lair:4   | Noticed a death yak
  8998 | Lair:4   | Killed a death yak
  8998 | Lair:4   | HP: 1/72 [death yak[a torpor snail] (23)]
  8998 | Lair:4   | Slain by a torpor snail

Illustrated notes

Levels and vault maps discovered:
D:1:      dpeg_arrival_lava_altar, layout_rooms,
          shapermc_ecumenical_altar_pompeii
D:2:      layout_basic
D:3:      layout_basic, nzn_overflow_gifts_of_might_and_magic,
          amcnicky_altar_gilded
D:4:      layout_basic, okawaru_ov_weapons_minmay, minmay_temple_entry_arrows,
          minmay_misc_feat_doors
D:5:      layout_basic, mrwooster_statue_mirror
D:6:      layout_basic, grunt_temple_overflow_holy_war,
          mainiacjoe_overflow_catwalk, mainiacjoe_overflow_big_doors
D:7:      layout_loops_ring, cheibrodos_worm_habitat, st_stairs_2
D:8:      layout_rooms, kennysheep_boxes, uniq_maurice, uniq_joseph
D:9:      layout_basic, lemuel_doored_altar, serial_shops, shop_fountains,
          minmay_misc_feat_room, chequers_serial_rivers_small_a
D:10:     layout_loops_ring, led_xom_imps, grunt_temple_overflow_cloverleaf,
          david_lair_shrubbed, nzn_life_drinkers, uniq_fannar
Lair:1:   layout_gridlike, serial_bayou_shore_b
Lair:2:   layout_loops_ring, nicolae_swamp_entry_splash_gauntlet,
          chequers_serial_rivers_marsh, grunt_megastairs_3,
          infiniplex_staircase_pool, uniq_gastronok
Lair:4:   layout_roguey, slime_entry_1

Skill      XL: |  1  2  3  4  5  6  7  8  9 10 11 12 |
---------------+-------------------------------------+-----
Spellcasting   | 3 4 5 6 |  6.6
Stealth        | 2 3 4 5 |  5.2
Invocations    | 1 2 3 4 5 |  5.2
Armour         | 1 2 3 4 5 |  5.2
Fighting       | 1 2 3 4 |  4.8
Shields        | 1 2 3 4 5 |  5.0
Dodging        | 3 4 5 6 |  6.0
Axes           | 1 2 3 4 5 6 |  6.9
Evocations     | 1 2 3 4 5 |  5.0
Throwing       | 1 2 3 4 |  4.2
Short Blades   | |  0.5
Polearms       | |  0.3

Action                     |  1- 3 |  4- 6 |  7- 9 | 10-12 || total
---------------------------+-------+-------+-------+-------++-------
  Melee: Dagger            |    15 |       |       |       ||    15
         Spear             |       |     3 |       |       ||     3
         War axe           |       |    52 |    32 |    99 ||   183
  Throw: Boomerang         |       |       |     1 |     2 ||     3
   Cast: Sting             |    11 |     2 |       |     3 ||    16
         Poisonous Vapours |     9 |       |       |       ||     9
         Shock             |     1 |    10 |       |       ||    11
         Momentum Strike   |       |     4 |     4 |     7 ||    15
         Olgreb's Toxic Ra |       |     3 |     4 |    17 ||    24
         Vampiric Draining |       |       |     1 |     2 ||     3
         Mephitic Cloud    |       |       |     1 |       ||     1
         Tukima's Dance    |       |       |     6 |     4 ||    10
 Invoke: Ancestor Identity |       |     1 |       |       ||     1
         Recall Ancestor   |       |     1 |       |     1 ||     2
         Ancestor Life: He |       |     1 |       |       ||     1
  Evoke: Wand              |       |     7 |     1 |    14 ||    22
    Use: Scroll            |     3 |     8 |     1 |    13 ||    25
         Potion            |       |       |     2 |     3 ||     5
   Stab: Sleeping          |     1 |     6 |       |     1 ||     8
         Confused          |       |     1 |     3 |     5 ||     9
         Distracted        |       |     1 |       |       ||     1
 Armour: Robe              |    12 |    19 |    11 |    17 ||    59
  Dodge: Dodged            |    28 |    39 |    26 |    55 ||   148
  Block: Buckler           |     3 |    23 |    23 |    51 ||   100
